AoeStats
← J4MAL MURR4Y

MegaRandom

509011167Analyzed
3v3 RM · 8d ago on Sep 25, 2026· 20m 10s· 6 players
Game mode
Random Map
Map size
Normal (6 player)
Population
200
Speed
Normal
Resources
Standard
Victory
Conquest
Starting age
Dark Age
Ending age
Imperial Age
RankedLock teamsTeams togetherTeam positionsShared explorationLock speedFull tech treeHidden civsTurbo modeCheats
Victory
Defeat
🇨🇱 Britons · Chile
1064
+7
🇨🇱 Khmer · Chile
964
+10
🇨🇱 Mongols · Chile
935
+12
🇨🇱 Vietnamese · Chile
866
-11
🇦🇷 Persians · Argentina
854
-10
🇺🇾 Ethiopians · Uruguay
804
-8
Necropulpectomía
Nadir El Terrible
0:30 Loom
11:29 Feudal Age
11:49 Horse Collar
11:58 Double-Bit Axe
13:19 Wheelbarrow
18:10 Castle Age
jmanuelgiriboni
1:03 Loom
9:01 Feudal Age
13:30 Double-Bit Axe
18:36 Castle Age
18:16 Gold Mining
18:45 Fletching
19:17 Padded Archer Armor
wan !
0:42 Loom
10:39 Feudal Age
12:12 Double-Bit Axe
12:20 Double-Bit Axe
14:37 Castle Age
13:26 Fletching
14:55 Crossbowman
16:29 Bodkin Arrow
cplenz
9:41 Feudal Age
13:21 Bloodlines
13:34 Bloodlines
17:18 Horse Collar
17:28 Double-Bit Axe
19:23 Wheelbarrow
19:27 Scale Barding Armor
J4MAL MURR4Y
11:28 Feudal Age
13:21 Gold Mining
15:33 Castle Age
14:08 Loom
15:01 Wheelbarrow
16:01 Stone Mining
16:10 Double-Bit Axe
Connection lost

Rejoining the realm…

Still unreachable

The connection could not be restored.

Session expired

The server has moved on; the page needs a fresh start.